 Dungeon Crawl Stone Soup version 0.31-a0-271-gb88eb75e06 (webtiles) character file.

Game seed: 18353305380150595063

10466 gruber the Grappler (level 11, -1/89 HPs)
             Began as a Red Draconian Shapeshifter on July 14, 2023.
             Was a Believer of Uskayaw.
             Slain by a yak (9 damage)
             ... on level 1 of the Lair of Beasts.
             The game lasted 00:17:33 (10577 turns).

gruber the Grappler (Red Draconian Shapeshifter)   Turns: 10577, Time: 00:17:34

Health: -1/89      AC:  7    Str: 29    XL:     11   Next: 36%
Magic:  10/18      EV: 14    Int:  8    God:    Uskayaw [**....]
Gold:   151        SH:  0    Dex: 11    Spells: 10/10 levels left

rFire   + .          .
                       - Unarmed
rCold   + . .        (no shield)
rNeg    . . .        (body armour unavailable)
rPois   .            (helmet currently unavailable)
rElec   .            (cloak currently unavailable)
rCorr   .            (gloves currently unavailable)
SInv    .            (boots currently unavailable)
Will    .....        (no amulet)
Stlth   +            I - +6 ring of strength
HPRegen 0.34/turn    A - ring of protection from cold
MPRegen 0.16/turn

%: no passive effects
@: lethally poisoned (-1 -> -5), short of breath, beast-form
A: beast (slay +3), breathe fire, AC +7, unfitting armour, fire resistance 1,
cold-blooded
a: Breathe Fire, Begin Untransformation, Renounce Religion, Stomp, Line Pass


You were on level 1 of the Lair of Beasts.
You worshipped Uskayaw.
Uskayaw was aware of your devotion.
You were a hulking beast.
You visited 2 branches of the dungeon, and saw 11 of its levels.
You also visited: Sewer.

You collected 591 gold pieces.
You spent 440 gold pieces at shops.

Inventory:

Missiles
 m - 26 poisoned darts (quivered)
 F - 2 throwing nets
Jewellery
 h - the ring of Ufiamazu {Fire Contam Will+ Str+5}
   (You found it on level 2 of the Dungeon)

   [ring of fire]

   It enhances your fire magic.
   Str:       It affects your strength (+5).
   rF:        It protects you from fire.
   rC:        It makes you vulnerable to cold.
   Contam:    It causes magical contamination when unequipped.
   Will:      It increases your willpower.
 w - a +6 ring of dexterity
 A - a ring of protection from cold (right hand)
 I - a +6 ring of strength (left hand)
Talismans
 b - a beast talisman
 E - a storm talisman
 L - a serpent talisman
Wands
 y - a wand of mindburst (2)
 J - a wand of paralysis (1)
Scrolls
 e - 2 scrolls of enchant weapon {unknown}
 f - 6 scrolls of identify {unknown}
 k - 3 scrolls of noise {unknown}
 n - a scroll of acquirement {unknown}
 o - 2 scrolls of vulnerability {unknown}
 p - 2 scrolls of fear {unknown}
 q - a scroll of torment {unknown}
 s - 3 scrolls of brand weapon {unknown}
 t - 2 scrolls of amnesia {unknown}
 u - 2 scrolls of blinking {unknown}
 v - a scroll of summoning {unknown}
 x - 2 scrolls of teleportation {unknown}
 B - a scroll of poison {unknown}
 G - a scroll of fog {unknown}
 K - a scroll of enchant armour {unknown}
Potions
 a - a potion of lignification
 c - 6 potions of enlightenment
 d - 2 potions of might {unknown}
 g - 3 potions of heal wounds
 i - 5 potions of brilliance {unknown}
 j - 4 potions of magic {unknown}
 l - a potion of invisibility {unknown}
 r - 4 potions of curing
 z - a potion of ambrosia {unknown}
 C - 2 potions of haste {unknown}
 D - a potion of resistance {unknown}
 H - a potion of mutation {unknown}


   Skills:
 - Level 6.1 Fighting
 - Level 7.1 Dodging
 - Level 12.3 Unarmed Combat
 - Level 9.6 Invocations
 * Level 4.6 Shapeshifting


You had 10 spell levels left.
You didn't know any spells.
Your spell library contained the following spells:

 Spells                   Type           Power      Damage    Failure   Level
 Apportation              Tloc           0%         N/A       41%         1
 Ensorcelled Hibernation  Hex/Ice        0%         N/A       54%         2
 Hailstorm                Conj/Ice       0%         3d3       78%         3
 Vhi's Electric Charge    Tloc/Air       0%         N/A       78%         3
 Anguish                  Hex/Necr       0%         N/A       99%         4
 Summon Ice Beast         Ice/Summ       0%         N/A       99%         4
 Alistair's Intoxication  Tmut/Pois      0%         N/A       100%        5
 Arcjolt                  Conj/Air       0%         1d10      100%        5
 Plasma Beam              Fire/Air       0%         2x1d10    100%        6
 Simulacrum               Ice/Necr       0%         N/A       100%        6
 Haunt                    Necr/Summ      0%         N/A       100%        7
 Borgnjor's Revivificati  Necr           0%         N/A       100%        8
 Death's Door             Necr           0%         N/A       100%        9


Dungeon Overview and Level Annotations

Branches:
Dungeon (10/15)            Temple (0/1) D:5            Lair (1/5) D:8
  Sewer (visited)
    Orc: D:9-12

Altars:
Dithmenos
Fedhas
Hepliaklqana
Qazlal
Ru
Sif Muna
Uskayaw
Vehumet
Wu Jian
Xom

Shops:
D:10 =*:


Innate Abilities, Weirdness & Mutations

You are a hulking beast.
Your limbs bulge with bestial killing power. (Slay +3)
You can breathe blasts of fire.
Your fiery red scales are hard. (AC +7)
You cannot fit into any form of body armour.
Your flesh is heat resistant. (rF+)
You are cold-blooded and may be slowed by cold attacks.


Message History

The cane toad barely misses you.
You can now pass through a line of other dancers.
Unknown command.
Unknown command.
You are too injured to fight recklessly!
Unknown command.
Unknown command.
You feel very sick. The yak gores you but does no damage.
Unknown command.
Unknown command.
The yak attacks as you move away! The yak gores you!
* * * LOW HITPOINT WARNING * * *
You feel sick.
Unknown command.
Unknown command.
Aiming: Breathe Fire (3% risk of failure)
Press: ? - help, Shift-Dir - straight line, f - yak
Aim: a yak (81% to hit)
You breathe a blast of fire.
The fiery breath hits the yak!
The yak is severely wounded.
The fiery breath hits the yak.
The yak is lightly wounded.
You feel sick. The yak barely misses you.
Unknown command.
Unknown command.
You stomp with the beat, sending a shockwave through the revellers around you!
The yak is severely wounded.
The yak is almost dead.
The yak is moderately wounded.
You feel sick.
The yak barely misses you. x2; The yak gores you!
* * * LOW HITPOINT WARNING * * *
Unknown command.
Unknown command.
Unknown command.
You stomp with the beat, sending a shockwave through the revellers around you!
You kill the yak! x2
The yak is almost dead.
You feel sick. The yak gores you!
You die...

.... ....... .##.... ...
.... ................. ...
.. ................ #...
............... .....
....Y.YS.....# .......###
.....Y.Y.....# #.... #....
.......YY#...##....# ###..
........#h#..#....# #..
.......YF.........# #..
.#......Y........#######..
##$☼.............#.......
#..####.........#.......
##. #####.........(..(.. #
..###........P.(PP..
.>........††...(.(..
.......†....†........


You could see 8 yaks, a cane toad and a water moccasin.

Vanquished Creatures
  Erica (D:8)
  Urug (D:10)
  Pikel (D:6)
  A cane toad (Lair:1)
  2 gargoyles (D:10)
  Maggie (D:10)
  A troll (D:10)
  Prince Ribbit (D:5)
  Sigmund (D:5)
  A wyvern (D:10)
  19 yaks
  A steam dragon (D:9)
  Edmund (D:6)
  6 water moccasins
  An acid dragon (D:10)
  2 orc warriors
  2 black bears (D:6)
  An ice beast (D:6)
  2 ogres
  2 centaurs
  A phantom (D:6)
  2 lemures (D:6)
  5 kobold brigands
  2 bullfrogs
  4 scorpions
  A gnoll sergeant (D:10)
  7 wights
  10 killer bees (D:10)
  A howler monkey (D:7)
  6 hounds
  A jelly (D:5)
  8 orc priests
  A gnoll bouda (D:8)
  2 sleepcaps
  Jessica (D:2)
  An iguana (D:6)
  6 orc wizards
  13 gnolls
  6 adders
  A river rat (Sewer)
  A shadow imp (D:7)
  A white imp (D:6)
  An ufetubus (D:7)
  3 worms
  4 dart slugs
  29 orcs
  An endoplasm (D:1)
  7 giant cockroaches
  6 goblins
  5 hobgoblins
  6 jackals
  30 kobolds
  9 quokkas
  6 ball pythons
  4 bats
  3 frilled lizards
  7 rats
250 creatures vanquished.

Notes
Turn   | Place    | Note
-------+----------+-------------------------------------------
     0 | D:1      | gruber the Draconian Shapeshifter began the quest for the
                  | Orb.
     0 | D:1      | Reached XP level 1. HP: 17/17 MP: 1/1
   198 | D:1      | Reached XP level 2. HP: 17/24 MP: 2/2
   335 | D:1      | Found a faded altar of an unknown god.
   382 | D:1      | Reached skill level 3 in Unarmed Combat
   611 | D:2      | Found a shimmering altar of Xom.
   631 | D:2      | Reached XP level 3. HP: 27/29 MP: 3/3
   668 | D:2      | Identified the ring of Ufiamazu {Fire Contam Will+ Str+5}
   703 | D:2      | Reached skill level 4 in Unarmed Combat
   811 | D:2      | Noticed Jessica
   825 | D:2      | Killed Jessica
   826 | D:2      | Reached XP level 4. HP: 24/36 MP: 4/4
  1110 | D:3      | Found a shadowy altar of Dithmenos.
  1181 | D:3      | Found a stormy altar of Qazlal.
  1215 | D:3      | Reached skill level 5 in Unarmed Combat
  1271 | D:3      | Reached XP level 5. HP: 41/41 MP: 5/5
  1359 | D:3      | Found a sacrificial altar of Ru.
  2308 | D:4      | Reached XP level 6. HP: 25/53 MP: 6/6
  2463 | D:4      | Found a glowing drain.
  2476 | Sewer    | Entered a sewer
  2598 | Sewer    | Reached skill level 5 in Fighting
  2819 | Sewer    | Found a glowing silver altar of Zin.
  2998 | D:4      | Your scales start taking on a fiery red colour.
  2998 | D:4      | Reached XP level 7. HP: 42/63 MP: 7/7
  2998 | D:4      | Gained mutation: Your flesh is heat resistant. (rF+) [Red
                  | Draconian growth]
  3547 | D:4      | Identified the +0 whip of Fedhas, Mashing {speed, rPois
                  | Dex+2 SInv}
  3644 | D:4      | Found a hide-covered altar of Uskayaw.
  3654 | D:4      | Found a hazy altar of Hepliaklqana.
  3862 | D:5      | Entered Level 5 of the Dungeon
  3983 | D:5      | Found a staircase to the Ecumenical Temple.
  3997 | D:5      | Noticed Prince Ribbit
  4026 | D:5      | Killed Prince Ribbit
  4027 | D:5      | Reached skill level 5 in Dodging
  4219 | D:5      | Reached XP level 8. HP: 67/70 MP: 8/8
  4280 | D:5      | Noticed Sigmund
  4296 | D:5      | Killed Sigmund
  4406 | D:5      | Found a shimmering altar of Xom.
  4717 | D:4      | Became a worshipper of Uskayaw the Reveller
  4814 | D:6      | Reached * piety under Uskayaw
  4818 | D:6      | Reached ** piety under Uskayaw
  4862 | D:6      | Noticed Pikel
  4866 | D:6      | Reached *** piety under Uskayaw
  4871 | D:6      | Reached **** piety under Uskayaw
  4879 | D:6      | Killed Pikel
  4880 | D:6      | Reached skill level 7 in Unarmed Combat
  5089 | D:6      | Reached XP level 9. HP: 71/75 MP: 9/9
  5170 | D:6      | Reached skill level 8 in Unarmed Combat
  5292 | D:6      | Noticed Edmund
  5304 | D:6      | Killed Edmund
  5305 | D:6      | Reached skill level 9 in Unarmed Combat
  5824 | D:6      | Reached skill level 10 in Unarmed Combat
  6196 | D:7      | Found a radiant altar of Vehumet.
  7153 | D:8      | Found a staircase to the Lair.
  7179 | D:8      | Reached skill level 11 in Unarmed Combat
  7220 | D:8      | Found an ornate altar of the Wu Jian Council.
  7515 | D:8      | Found a shimmering blue altar of Sif Muna.
  7751 | D:8      | Noticed Erica
  7769 | D:8      | Killed Erica
  7770 | D:8      | Reached XP level 10. HP: 42/83 MP: 10/10
  7967 | D:8      | Found a blossoming altar of Fedhas.
  8357 | D:9      | Reached skill level 12 in Unarmed Combat
  8361 | D:9      | Reached ***** piety under Uskayaw
  8395 | D:9      | Reached skill level 1 in Invocations
  8992 | D:10     | Entered Level 10 of the Dungeon
  9010 | D:10     | Reached skill level 5 in Invocations
  9074 | D:10     | Noticed Urug
  9081 | D:10     | Noticed a gargoyle
  9094 | D:10     | Killed a gargoyle
  9095 | D:10     | Killed Urug
  9108 | D:10     | Found Latoirph's Jewellery Shop.
  9290 | D:10     | Found Cyngeini's General Store.
  9318 | D:10     | Noticed a gargoyle
  9337 | D:10     | Killed a gargoyle
  9343 | D:10     | Reached XP level 11. HP: 68/89 MP: 7/17
  9532 | D:10     | Noticed Maggie
  9544 | D:10     | Killed Maggie
  9856 | D:10     | Identified the +1 pair of gloves "Jidyec" {rPois rC- Int+2}
  9980 | D:10     | Found Ereshr Tito's Book Shoppe.
 10011 | D:10     | Bought a serpent talisman for 440 gold pieces
 10163 | D:10     | Noticed a skeletal warrior
 10275 | D:10     | Noticed a skeletal warrior
 10275 | D:10     | Noticed a skeletal warrior
 10356 | Lair:1   | Entered Level 1 of the Lair of Beasts
 10577 | Lair:1   | Slain by a yak

Illustrated notes

Levels and vault maps discovered:
D:1:      nzn_arrival_water_spiral, layout_rooms,
          hellmonk_ecumenical_altar_zigzags, minmay_misc_feat_more_columns,
          minmay_misc_feat_columns, chequers_serial_rivers_room_b
D:2:      layout_rooms, basic_altar, uniq_jessica
D:3:      layout_loops_ring, mainiacjoe_overflow_catwalk_spiral,
          nicolae_ru_great_annihilating_truth, serial_rivers,
          chequers_serial_rivers_small_a, chequers_serial_rivers_micro_e,
          chequers_serial_rivers_large_b, chequers_serial_rivers_room_b,
          chequers_serial_rivers_micro_b
D:4:      layout_cave_pods, nicolae_overflow_hidden_temple,
          gup_sewer_entry_pipe, grunt_ministairs_15
D:5:      minmay_spotlight, layout_basic, mainiacjoe_overflow_cross_hatched,
          minmay_temple_entry_from_below_a, uniq_sigmund, uniq_prince_ribbit1
D:6:      cheibrodos_helix_gallery, layout_loops_cross, uniq_pikel, uniq_edmund
D:7:      layout_loops_ring, old_standard_altar
D:8:      layout_loops_corners, nicolae_wu_jian_wuxing_cycle,
          lemuel_coloured_pillars_altar, fedhas_altar_fruit_tree,
          dpeg_oklobed_lair, kennysheep_generic_room_9, uniq_erica
D:9:      layout_loops_ring
D:10:     layout_rooms, serial_shops, nicolae_book_shop_shelving, shop_statue,
          shop, eino_jars, uniq_urug, uniq_maggie
Lair:1:   layout_layer_cave, st_stairs_3, lemuel_fruit_tree

Skill      XL: |  1  2  3  4  5  6  7  8  9 10 11 |
---------------+----------------------------------+-----
Unarmed Combat | 3 4 5 7 11 12 | 12.3
Fighting       | 4 6 |  6.1
Dodging        | 2 5 7 |  7.1
Invocations    | 8 9 |  9.6
Shapeshifting  | 4 |  4.6

Action                     |  1- 3 |  4- 6 |  7- 9 | 10-12 || total
---------------------------+-------+-------+-------+-------++-------
  Melee: Unarmed           |    72 |   175 |   270 |   166 ||   683
         Tailslap          |     9 |    17 |    34 |    27 ||    87
         Punch             |     1 |     1 |    13 |     7 ||    22
  Throw: Dart              |       |    67 |   133 |    41 ||   241
 Invoke: Stomp             |       |       |       |     8 ||     8
         Line Pass         |       |       |       |     1 ||     1
Ability: Begin Untransform |       |     1 |       |       ||     1
         Breathe Fire      |       |       |    18 |     9 ||    27
  Evoke: Wand              |       |       |       |     9 ||     9
   Stab: Sleeping          |     1 |       |     1 |       ||     2
         Paralysed         |       |     1 |     7 |    18 ||    26
         Distracted        |       |       |       |     1 ||     1
         Confused          |       |       |       |     1 ||     1
 Armour: Skin              |    18 |    72 |    66 |    24 ||   180
  Dodge: Dodged            |    43 |   122 |   178 |   118 ||   461
   Form: Beast             |       |     1 |       |       ||     1

Table legend: (Time is in decaauts)
 A = Elapsed time spent in this place.
 B = Non-inter-level travel time spent in this place.
 C = Inter-level travel time spent in this place.
 D = Time resting spent in this place.
 E = Time spent auto-exploring this place.
 F = Levels seen in this place.
 G = Mean time per level.
                   A        B        C        D        E       F      G
               +--------+--------+--------+--------+--------+-----+--------+
         Total |  10591 |  10016 |    575 |     69 |   8024 |  12 |  882.6 |
       Dungeon |   9948 |   9374 |    574 |     69 |   7572 |  10 |  994.8 |
          Lair |    215 |    215 |      0 |      0 |    159 |   1 |  215.0 |
         Sewer |    427 |    427 |      0 |      0 |    292 |   1 |  427.0 |
               +--------+--------+--------+--------+--------+-----+--------+

Top non-repeatable levels by time:
     D:4: 1523 daAuts
    D:10: 1263 daAuts
     D:8: 1233 daAuts
     D:6: 1196 daAuts
     D:3: 1066 daAuts
     D:5: 978 daAuts
     D:7: 923 daAuts
     D:9: 774 daAuts
     D:1: 497 daAuts
     D:2: 491 daAuts
   Sewer: 427 daAuts
  Lair:1: 215 daAuts
